MID
QUAD CITIES RIVER BANDITS @ BURLINGTON BEES
06/28/2099
 
TOP OF THE 1ST
Quad Cities River Bandits batting - Pitching for Burlington Bees : RHP Jeff Pemberton
Pitching: RHP Jeff Pemberton
Batting: RHB Chris Oakley 0-0: Swinging Strike
0-1: Ball
1-1: Called Strike
1-2: Ground out 5-3 (Groundball, 56S, EV 80.6 MPH)
Batting: LHB Richard Merino 0-0: Ball
1-0: Ball
2-0: Called Strike
2-1: SINGLE (Line Drive, 4D, EV 98.1 MPH)
Batting: LHB Dana Welch 0-0: Ball
1-0: Fly out, F7 (Line Drive, 78M, EV 94.4 MPH)
Batting: RHB Paolo Couvreur 0-0: Ball
1-0: Ball
2-0: Called Strike
2-1: Foul Ball, location: 23F
2-2: Ball
3-2: Fly out, F8 (Flyball, 8RD, EV 105.6 MPH)
Top of the 1st over - 0 runs, 1 hit, 0 errors, 1 left on base; Quad Cities 0 - Burlington 0
BOTTOM OF THE 1ST
Burlington Bees batting - Pitching for Quad Cities River Bandits : RHP Juan Gomez
Pitching: RHP Juan Gomez
Batting: RHB Dave Chaparro 0-0: Ball
1-0: Foul Ball, location: 2F
1-1: Called Strike
1-2: Ball
2-2: Strikes out swinging
Batting: RHB Jon Kren 0-0: Foul Ball, location: 7LSF
0-1: Ball
1-1: Ball
2-1: Foul Ball, location: 9LDF
2-2: Ball
3-2: Strikes out swinging
Batting: LHB John Stevens 0-0: Called Strike
0-1: Foul Ball, location: 2F
0-2: Foul Ball, location: 7LMF
0-2: Foul Ball, location: 25F
0-2: Foul Ball, location: 2RF
0-2: Ball
1-2: Strikes out looking
Bottom of the 1st over - 0 runs, 0 hits, 0 errors, 0 left on base; Quad Cities 0 - Burlington 0
TOP OF THE 2ND
Quad Cities River Bandits batting - Pitching for Burlington Bees : RHP Jeff Pemberton
Batting: RHB Kymani Biggs 0-0: Foul Ball, location: 9LMF
0-1: Foul Ball, location: 2F
0-2: Foul Ball, location: 7LMF
0-2: Foul Ball, location: 2F
0-2: Ball
1-2: Strikes out swinging
Batting: RHB Jim Welch 0-0: Ball
1-0: Swinging Strike
1-1: Foul Ball, location: 2F
1-2: Strikes out swinging
Batting: LHB Dan Deible 0-0: Called Strike
0-1: Ball
1-1: DOUBLE (Line Drive, 78M, EV 101.3 MPH)
Batting: RHB Adam Reid 0-0: Fly out, F8 (Flyball, 8LXD, EV 80.0 MPH)
Top of the 2nd over - 0 runs, 1 hit, 0 errors, 1 left on base; Quad Cities 0 - Burlington 0
BOTTOM OF THE 2ND
Burlington Bees batting - Pitching for Quad Cities River Bandits : RHP Juan Gomez
Batting: LHB Cory Murray 0-0: Foul Ball, location: 3SF
0-1: Ball
1-1: Ball
2-1: Ball
3-1: Foul Ball, location: 2F
3-2: Base on Balls
Batting: RHB Scott Havens 0-0: Ball
1-0: Called Strike
1-1: Ball
2-1: Fly out, F7 (Line Drive, 78M, EV 105.0 MPH)
Batting: LHB Dean Neufeld 0-0: Ball
1-0: Ball
2-0: Ball
3-0: Called Strike
3-1: Fly out, F7 (Flyball, 78S, EV 85.6 MPH)
Batting: RHB Jason Glennon 0-0: Ball
1-0: Called Strike
1-1: SINGLE (Flyball, 6D, EV 87.5 MPH)
Cory Murray to second
Batting: RHB Arturo Ramirez 0-0: Ball
1-0: Called Strike
1-1: Fly out, F7 (Line Drive, 78M, EV 96.3 MPH)
Bottom of the 2nd over - 0 runs, 1 hit, 0 errors, 2 left on base; Quad Cities 0 - Burlington 0
TOP OF THE 3RD
Quad Cities River Bandits batting - Pitching for Burlington Bees : RHP Jeff Pemberton
Batting: RHB Chase Bavaro 0-0: Called Strike
0-1: Ball
1-1: Fly out, F8 (Flyball, 8RM, EV 87.5 MPH)
Batting: RHB Chris Oakley 0-0: Ball
1-0: Ball
2-0: Called Strike
2-1: Ball
3-1: SINGLE (Line Drive, 6MD, EV 98.8 MPH)
Batting: LHB Richard Merino 0-0: Ball
1-0: Called Strike
1-1: 2-RUN HOME RUN (Flyball, 8RXD, EV 108.1 MPH), Distance : 433 ft
Batting: LHB Dana Welch 0-0: Called Strike
0-1: Called Strike
0-2: Strikes out swinging
Batting: RHB Paolo Couvreur 0-0: Foul Ball, location: 2F
0-1: Ball
1-1: Ground out 5-3 (Groundball, 56, EV 82.5 MPH)
Top of the 3rd over - 2 runs, 2 hits, 0 errors, 0 left on base; Quad Cities 2 - Burlington 0
BOTTOM OF THE 3RD
Burlington Bees batting - Pitching for Quad Cities River Bandits : RHP Juan Gomez
Batting: RHB Alex Castaneda 0-0: Ball
1-0: Called Strike
1-1: Ball
2-1: Foul Ball, location: 3F
2-2: Ball
3-2: Base on Balls
Batting: RHB Dave Chaparro 0-0: Foul Ball, location: 3FF
0-1: Ball
1-1: Sac Bunt to 13 - play at first, batter OUT! 1-3
Alex Castaneda to second
Batting: RHB Jon Kren 0-0: Ball
1-0: Ball
2-0: Ball
3-0: Called Strike
3-1: 2-RUN HOME RUN (Flyball, 89XD, EV 108.8 MPH), Distance : 426 ft
Batting: LHB John Stevens 0-0: Ground out 1-3 (Groundball, 13, EV 68.8 MPH)
Batting: LHB Cory Murray 0-0: Ball
1-0: Ball
2-0: Called Strike
2-1: Ball
3-1: Foul Ball, location: 23FF
3-2: Ground out 1-3 (Groundball, 13S, EV 70.6 MPH)
Bottom of the 3rd over - 2 runs, 1 hit, 0 errors, 0 left on base; Quad Cities 2 - Burlington 2
TOP OF THE 4TH
Quad Cities River Bandits batting - Pitching for Burlington Bees : RHP Jeff Pemberton
Batting: RHB Kymani Biggs 0-0: Ball
1-0: Ball
2-0: Fly out, F6 (Line Drive, 6, EV 71.9 MPH)
Batting: RHB Jim Welch 0-0: Ball
1-0: Ball
2-0: Ball
3-0: Called Strike
3-1: Foul Ball, location: 9LSF
3-2: Strikes out swinging
Batting: LHB Dan Deible 0-0: Fly out, F7 (Flyball, 7, EV 98.1 MPH)
Top of the 4th over - 0 runs, 0 hits, 0 errors, 0 left on base; Quad Cities 2 - Burlington 2
BOTTOM OF THE 4TH
Burlington Bees batting - Pitching for Quad Cities River Bandits : RHP Juan Gomez
Batting: RHB Scott Havens 0-0: Ball
1-0: Ground out U3 (Groundball, 3S, EV 83.8 MPH)
Batting: LHB Dean Neufeld 0-0: SINGLE (Groundball, 4MD, EV 95.6 MPH)
Batting: RHB Jason Glennon 0-0: Foul Ball, location: 2F
0-1: Called Strike
0-2: Ball
1-2: Strikes out swinging
Batting: RHB Arturo Ramirez 0-0: Foul Ball, location: 5FF
0-1: Foul Ball, location: 2F
0-2: Ball
1-2: Ball
2-2: Strikes out looking
Bottom of the 4th over - 0 runs, 1 hit, 0 errors, 1 left on base; Quad Cities 2 - Burlington 2
TOP OF THE 5TH
Quad Cities River Bandits batting - Pitching for Burlington Bees : RHP Jeff Pemberton
Batting: RHB Adam Reid 0-0: Ball
1-0: Foul Ball, location: 9LSF
1-1: Foul Ball, location: 9LSF
1-2: Ground out 4-3 (Groundball, 4, EV 83.8 MPH)
Batting: RHB Chase Bavaro 0-0: Ball
1-0: Ball
2-0: Ball
3-0: Base on Balls
Batting: RHB Chris Oakley 0-0: Swinging Strike
0-1: Ball
Wild Pitch!
Chase Bavaro to second
1-1: SINGLE (Line Drive, 6D, EV 95.0 MPH)
Chase Bavaro to third
Batting: LHB Richard Merino 0-0: Ball
1-0: Ball
2-0: Swinging Strike
2-1: Fly out, F9 (Line Drive, 89M, EV 110.6 MPH)
Runner from 3rd tags up, SCORES, throw by RF
Batting: LHB Dana Welch 0-0: Called Strike
0-1: 2-RUN HOME RUN (Flyball, 7D, EV 96.3 MPH), Distance : 365 ft
Batting: RHB Paolo Couvreur 0-0: DOUBLE (Line Drive, 7LS, EV 105.0 MPH)
Pitching: RHP Dan Godfrey
Batting: RHB Kymani Biggs 0-0: Called Strike
0-1: Ball
1-1: Foul Ball, location: 9LMF
1-2: Foul Ball, location: 9LDF
1-2: Fly out, F9 (Flyball, 9LS, EV 76.9 MPH)
Top of the 5th over - 3 runs, 3 hits, 0 errors, 1 left on base; Quad Cities 5 - Burlington 2
BOTTOM OF THE 5TH
Burlington Bees batting - Pitching for Quad Cities River Bandits : RHP Juan Gomez
Batting: RHB Alex Castaneda 0-0: Foul Ball, location: 2F
0-1: Swinging Strike
0-2: Ball
1-2: Strikes out swinging, 2-3 out at first.
Batting: RHB Dave Chaparro 0-0: Foul Ball, location: 9LDF
0-1: Fly out, F8 (Flyball, 78D, EV 107.5 MPH)
Batting: RHB Jon Kren 0-0: Ball
1-0: Ball
2-0: Called Strike
2-1: Foul Ball, location: 2F
2-2: Foul Ball, location: 9LSF
2-2: Foul Ball, location: 9LSF
2-2: Ball
3-2: Ground out 6-3 (Groundball, 6S, EV 71.9 MPH)
Bottom of the 5th over - 0 runs, 0 hits, 0 errors, 0 left on base; Quad Cities 5 - Burlington 2
TOP OF THE 6TH
Quad Cities River Bandits batting - Pitching for Burlington Bees : RHP Dan Godfrey
Batting: RHB Jim Welch 0-0: Ground out 6-3 (Groundball, 6, EV 83.1 MPH)
Batting: LHB Dan Deible 0-0: Ball
1-0: Foul Ball, location: 5F
1-1: Ball
2-1: DOUBLE (Flyball, 8RXD, EV 104.4 MPH)
Batting: RHB Adam Reid 0-0: Intentional Walk
Batting: RHB Chase Bavaro 0-0: Fly out, F8 (Flyball, 8LD, EV 106.3 MPH)
Batting: RHB Chris Oakley 0-0: Called Strike
0-1: Ground out U3 (Groundball, 3, EV 108.1 MPH)
Top of the 6th over - 0 runs, 1 hit, 0 errors, 2 left on base; Quad Cities 5 - Burlington 2
BOTTOM OF THE 6TH
Burlington Bees batting - Pitching for Quad Cities River Bandits : RHP Juan Gomez
Batting: LHB John Stevens 0-0: Called Strike
0-1: Swinging Strike
0-2: Ball
1-2: Strikes out looking
Pitching: RHP Isaiah Hollis
Batting: LHB Cory Murray 0-0: Swinging Strike
0-1: Ball
1-1: Called Strike
1-2: Strikes out looking
Batting: RHB Scott Havens 0-0: Ball
1-0: Ball
2-0: Fly out, F8 (Line Drive, 8LD, EV 90.6 MPH)
Bottom of the 6th over - 0 runs, 0 hits, 0 errors, 0 left on base; Quad Cities 5 - Burlington 2
TOP OF THE 7TH
Quad Cities River Bandits batting - Pitching for Burlington Bees : RHP Dan Godfrey
Batting: LHB Richard Merino 0-0: Ground out U3 (Groundball, 3, EV 91.9 MPH)
Batting: LHB Dana Welch 0-0: Ball
1-0: Called Strike
1-1: Foul Ball, location: 7LSF
1-2: Ball
2-2: Fly out, F8 (Flyball, 8LD, EV 85.0 MPH)
Batting: RHB Paolo Couvreur 0-0: Ball
1-0: SINGLE (Groundball, 4S, EV 68.1 MPH) (infield hit)
Batting: RHB Kymani Biggs 0-0: Ground out 4-3 (Groundball, 13, EV 76.3 MPH)
Top of the 7th over - 0 runs, 1 hit, 0 errors, 1 left on base; Quad Cities 5 - Burlington 2
BOTTOM OF THE 7TH
Burlington Bees batting - Pitching for Quad Cities River Bandits : RHP Isaiah Hollis
Batting: LHB Dean Neufeld 0-0: Swinging Strike
0-1: Ball
1-1: Foul Ball, location: 2F
1-2: Ground out 4-3 (Groundball, 4, EV 98.1 MPH)
Batting: RHB Jason Glennon 0-0: Foul Ball, location: 7LMF
0-1: Fly out, F9 (Flyball, 89S, EV 73.8 MPH)
Batting: RHB Arturo Ramirez 0-0: Called Strike
0-1: Foul Ball, location: 25F
0-2: Ball
1-2: Fly out, F5 (Popup, 5, EV 77.5 MPH)
Bottom of the 7th over - 0 runs, 0 hits, 0 errors, 0 left on base; Quad Cities 5 - Burlington 2
TOP OF THE 8TH
Quad Cities River Bandits batting - Pitching for Burlington Bees : RHP Dan Godfrey
Batting: RHB Jim Welch 0-0: Swinging Strike
0-1: Swinging Strike
0-2: Ball
1-2: Fly out, F4 (Popup, 3D, EV 58.1 MPH)
Batting: LHB Dan Deible 0-0: Foul Ball, location: 25F
0-1: Swinging Strike
0-2: Ball
1-2: Strikes out swinging
Batting: RHB Adam Reid 0-0: Ground out 1-3 (Groundball, 13S, EV 66.3 MPH)
Top of the 8th over - 0 runs, 0 hits, 0 errors, 0 left on base; Quad Cities 5 - Burlington 2
BOTTOM OF THE 8TH
Burlington Bees batting - Pitching for Quad Cities River Bandits : RHP Isaiah Hollis
Batting: RHB Alex Castaneda 0-0: Ball
1-0: Ball
2-0: Swinging Strike
2-1: Ball
3-1: Base on Balls
Pinch Hitting: RHB Rich Gonzales 0-0: Ball
1-0: Foul Ball, location: 9LDF
1-1: SINGLE (Line Drive, 4M, EV 100.6 MPH)
Alex Castaneda to second
Pitching: RHP Willie Martinez
Batting: RHB Jon Kren 0-0: Called Strike
0-1: Ball
1-1: Ground out 4-3 (Groundball, 4MS, EV 66.3 MPH)
Alex Castaneda to third
Rich Gonzales to second
Batting: LHB John Stevens 0-0: Ball
1-0: Called Strike
1-1: Fielders Choice at home, 3-2 (Groundball, 34, EV 81.3 MPH)
Rich Gonzales to third
Batting: LHB Cory Murray 0-0: Called Strike
0-1: Foul Ball, location: 2F
0-2: Ball
1-2: Strikes out swinging
Bottom of the 8th over - 0 runs, 1 hit, 0 errors, 2 left on base; Quad Cities 5 - Burlington 2
TOP OF THE 9TH
Quad Cities River Bandits batting - Pitching for Burlington Bees : RHP Dan Godfrey
Now in CF: Cory Murray
Now in RF: Nate Voit
Batting: RHB Chase Bavaro 0-0: Ball
1-0: Called Strike
1-1: Foul Ball, location: 7LDF
1-2: Ground out 6-3 (Groundball, 6, EV 94.4 MPH)
Batting: RHB Chris Oakley 0-0: Called Strike
0-1: Hit by Pitch
Batting: LHB Richard Merino 0-0: SINGLE (Groundball, 4MD, EV 110.6 MPH)
Chris Oakley to second
Runner from 2nd tries for 3rd, SAFE, throw by CF made to third
Batting: LHB Dana Welch 0-0: Ball
1-0: Ball
2-0: Ball
3-0: Called Strike
3-1: Fly out, F9 (Line Drive, 9, EV 91.9 MPH)
Runner from 3rd tags up, SCORES, throw by RF
Batting: RHB Paolo Couvreur 0-0: Ball
1-0: Ball
2-0: Called Strike
2-1: Swinging Strike
2-2: SINGLE (Line Drive, 6M, EV 95.0 MPH)
Richard Merino to second
Batting: RHB Kymani Biggs 0-0: Called Strike
0-1: Swinging Strike
0-2: Ball
1-2: Strikes out swinging
Top of the 9th over - 1 run, 2 hits, 0 errors, 2 left on base; Quad Cities 6 - Burlington 2
BOTTOM OF THE 9TH
Burlington Bees batting - Pitching for Quad Cities River Bandits : RHP Willie Martinez
Batting: RHB Scott Havens 0-0: Ball
1-0: Ball
2-0: Swinging Strike
2-1: Ball
3-1: Base on Balls
Batting: LHB Dean Neufeld 0-0: Swinging Strike
0-1: Ground out 4-3 (Groundball, 13, EV 82.5 MPH)
Scott Havens to second
Batting: RHB Jason Glennon 0-0: Called Strike
0-1: Called Strike
0-2: 2-RUN HOME RUN (Flyball, 7LD, EV 95.0 MPH), Distance : 344 ft
Batting: RHB Arturo Ramirez 0-0: Foul Ball, location: 7LSFF
0-1: Ball
1-1: Ball
2-1: Foul Ball, location: 3F
2-2: Foul Ball, location: 2F
2-2: Foul Ball, location: 2F
2-2: Ball
3-2: Foul Ball, location: 5FF
3-2: Foul Ball, location: 2F
3-2: Fly out, F4 (Popup, 4S, EV 70.0 MPH)
Batting: RHB Alex Castaneda 0-0: Ball
1-0: Foul Ball, location: 2F
1-1: Foul Ball, location: 3FF
1-2: Fly out, F8 (Flyball, 8LS, EV 85.0 MPH)
Bottom of the 9th over - 2 runs, 1 hit, 0 errors, 0 left on base; Quad Cities 6 - Burlington 4
Friday, May 10th , 2024 - OOTP Baseball 24.11 Build 85